Map: Winter's Gate LE

Players

llllllllllll (Trap)

  • Race: Protoss Protoss
  • League: Master
  • Spawn Location: 5:00

Serral - Winner!

  • Race: Zerg Zerg
  • League: Master
  • Spawn Location: 11:00

Event: HomeStory Cup XX

VOD

Have the link to the VOD?

Description

Time

  • Played on: Nov. 24, 2019, 9:53 a.m.
  • Length: 17:30

All games in this series

Show
View Real Time Build Order
Export as new Build Order

llllllllllll Protoss 

Build Orders: 1 Gate Expand, Forge Fast Expand (FFE), Oracle Opening 

Get SALT Encoding   

  12  0:00  Probe  
  13  0:12  Probe  
  14  0:18  Pylon  
  14  0:24  Probe  
  15  0:32  Probe  
  15  0:40  Probe  
  16  0:44  Gateway  
  17  0:50  Probe  
  17  0:55  Forge  
  18  1:03  Probe  
  19  1:04  Assimilator  
  19  1:15  Probe  
  20  1:27  Probe  
  20  1:31  Cybernetics Core  
  21  1:38  Nexus  
  21  1:45  Pylon  
  21  1:48  Probe  
  21  1:53  Assimilator  
  22  1:57  Adept  
  22  2:00  Probe  
  25  2:12  Probe  
  25  2:13  Warp Gate  
  26  2:24  Probe  
  27  2:33  Probe  
  28  2:37  Stargate  
  28  2:41  Probe  
  28  2:46  Stalker, Probe  
  28  2:50  Probe  
  33  3:02  Gateway  
  33  3:04  Shield Battery  
  33  3:06  Shield Battery  
  33  3:11  Gateway  
  32  3:13  Oracle  
  32  3:16  Probe x2  
  34  3:26  Adept  
  39  3:30  Probe  
  39  3:31  Probe  
  41  3:36  Pylon  
  41  3:42  Probe  
  41  3:44  Oracle, Probe  
  43  3:54  Probe  
  47  3:56  Probe  
  48  4:03  Assimilator  
  48  4:05  Pylon, Assimilator  
  48  4:06  Probe  
  48  4:08  Probe  
  50  4:11  Oracle  
  50  4:12  Pylon  
  50  4:18  Probe  
  50  4:20  Probe  
  55  4:30  Probe  
  56  4:32  Probe, Zealot  
  59  4:39  Nexus  
  59  4:42  Pylon  
  59  4:44  Probe x2  
  61  4:49  Sentry  
  63  4:56  Probe x2  
  65  5:03  Forge  
  65  5:06  Robotics Facility  
  65  5:09  Twilight Council  
  65  5:13  Pylon, Sentry  
  65  5:14  Sentry  
  69  5:16  Probe x2  
  69  5:20  Protoss Ground Weapons Level 1  
  71  5:27  Gateway  
  71  5:28  Pylon  
  71  5:29  Blink, Gateway  
  68  5:45  Sentry  
  68  5:51  Probe x2  
  68  5:53  Probe  
  68  5:57  Zealot  
  71  6:01  Gateway  
  71  6:04  Probe x2, Gateway  
  73  6:05  Probe  
  74  6:13  Warp Prism  
  76  6:22  Gateway  
  76  6:23  Sentry x2, Gateway  
  76  6:24  Stalker, Sentry  
  84  6:27  Probe x2  
  84  6:29  Probe  
  84  6:31  Pylon  
  87  6:39  Probe x2  
  89  6:41  Probe  
  89  6:43  Assimilator  
  89  6:44  Assimilator  
  90  6:52  Probe x2  
  90  6:53  Probe  
  90  6:54  Immortal  
  93  6:56  Robotics Facility  
  97  7:03  Robotics Bay  
  97  7:05  Probe x3  
  97  7:08  Shield Battery  
  100  7:09  Stalker, Protoss Ground Weapons Level 2, Shield Battery  
  102  7:17  Pylon  
  102  7:18  Adept x2  
  102  7:19  Pylon  
  106  7:22  Stalker  
  106  7:24  Stalker  
  106  7:26  Observer  
  110  7:31  Charge  
  111  7:38  Zealot x2  
  111  7:42  Stalker  
  113  7:45  Probe  
  113  7:46  Probe x2  
  113  7:47  Colossus  
  112  7:55  Colossus  
  116  8:03  Photon Cannon  
  122  8:18  Extended Thermal Lance  
  122  8:28  Photon Cannon x2  
  122  8:29  Pylon  
  122  8:31  Nexus  
  122  8:35  Stalker x2  
  122  8:40  Stalker  
  123  8:41  Probe x3  
  121  8:52  Colossus  
  121  8:55  Probe x3, Templar Archives  
  123  8:59  Colossus  
  123  9:00  Zealot  
  135  9:16  Pylon  
  135  9:19  Probe x3  
  135  9:24  Psionic Storm  
  138  9:37  High Templar x2  
  142  9:39  Photon Cannon  
  142  9:41  High Templar, Photon Cannon  
  142  9:42  Immortal  
  142  9:43  Photon Cannon  
  142  9:44  Photon Cannon  
  144  9:50  Immortal  
  148  9:54  Assimilator, Protoss Ground Armor Level 1  
  148  9:55  Probe x3  
  148  9:59  Assimilator  
  155  10:14  Immortal, High Templar  
  161  10:27  Pylon x2  
  161  10:33  Immortal  
  161  10:39  Pylon  
  161  10:43  Pylon  
  161  10:46  Pylon  
  161  10:49  Gateway  
  161  10:50  Gateway  
  161  10:52  High Templar x4, Gateway  
  161  10:56  Archon  
  169  10:59  Zealot x4  
  169  11:08  Warp Prism  
  159  11:11  Archon  
  159  11:13  Colossus  
  141  11:33  High Templar x4  
  141  11:34  Zealot x4  
  157  11:43  Probe  
  157  11:44  Probe x3  
  157  11:45  Photon Cannon  
  157  11:46  Protoss Ground Weapons Level 3  
  161  11:47  Photon Cannon  
  161  11:49  Photon Cannon  
  161  11:50  High Templar x2  
  165  11:58  High Templar  
  165  11:59  High Templar, Zealot x2  
  173  12:12  Probe x4  
  154  12:16  Archon  
  154  12:17  Zealot  
  152  12:23  Zealot  
  152  12:24  Probe x4  
  154  12:36  Probe  
  155  12:41  High Templar x3  
  155  12:42  High Templar, Zealot x5  
  155  12:44  Zealot  
  175  12:46  Archon x2  
  175  12:48  Probe x2  
  175  12:49  Probe x2  
  175  13:00  Probe  
  175  13:03  Archon x2  
  158  13:12  Stalker x6  
  128  13:17  Stalker x2  
  99  13:39  High Templar x3  
  99  13:40  High Templar  
  95  13:43  Probe x3  
  95  13:44  Immortal, Probe  
  99  13:50  Zealot x6  
  99  13:52  Immortal  
  119  14:13  Dark Shrine  
  119  14:16  High Templar x2  
  123  14:17  Zealot x2  
  123  14:21  Archon  
  127  14:24  Zealot  
  127  14:30  Immortal  
  129  14:35  High Templar x2  
  129  14:36  Zealot x2  
  137  14:40  Archon  
  137  14:43  Zealot  
  139  14:45  Zealot  
  139  14:46  Zealot x2  
  127  14:57  Pylon  
  123  15:03  Zealot  
  123  15:05  High Templar x4  
  123  15:06  Zealot  
  131  15:10  Archon x2  
  131  15:13  Probe x2  
  131  15:14  Probe x2  
  133  15:21  Probe  
  133  15:22  Probe x3  
  137  15:30  High Templar x2  
  137  15:33  High Templar x2, Zealot  
  137  15:34  Probe x3, Zealot  
  151  15:37  Archon x2, Probe  
  151  15:41  Pylon  
  153  15:48  Dark Templar  
  153  15:49  Dark Templar  
  149  16:13  High Templar x2  
  149  16:14  Zealot x6  
  165  16:18  Archon  
  165  16:29  Photon Cannon  
  165  16:31  Photon Cannon  
  165  16:36  Dark Templar x3  
  165  16:37  Dark Templar  
  173  16:41  Archon x2  
  165  16:47  Stalker x2  
  165  16:51  Stalker x2  
  135  17:06  Archon  
  135  17:07  Archon  
  135  17:08  Stalker x4  
  115  17:09  Stalker  
  115  17:12  Stalker  
  107  17:17  Stalker  
  107  17:19  Stalker  
Show
View Real Time Build Order
Export as new Build Order

Serral Zerg - Winner!

Build Orders: Pool First 

Get SALT Encoding   

  12  0:00  Drone  
  13  0:12  Overlord  
  13  0:17  Drone  
  14  0:31  Drone x2  
  14  0:35  Drone  
  17  0:45  Extractor  
  17  0:46  Drone  
  17  0:50  Spawning Pool  
  17  0:55  Drone  
  17  1:06  Drone  
  18  1:22  Drone  
  18  1:23  Hatchery  
  18  1:37  Zergling x2, Queen  
  22  1:40  Zergling x2  
  22  1:46  Metabolic Boost  
  22  1:53  Overlord  
  22  2:12  Queen, Drone x2  
  26  2:21  Drone  
  27  2:36  Zergling x4  
  29  2:43  Drone  
  30  2:45  Hatchery  
  30  2:48  Pneumatized Carapace  
  30  2:51  Drone x2  
  31  2:54  Drone  
  32  3:01  Overlord  
  32  3:02  Drone  
  32  3:04  Drone  
  34  3:09  Drone  
  34  3:12  Drone  
  36  3:18  Queen  
  38  3:23  Drone x2  
  38  3:25  Overlord  
  40  3:27  Drone  
  40  3:29  Drone  
  40  3:30  Drone  
  43  3:40  Spore Crawler  
  43  3:41  Drone  
  43  3:42  Drone  
  43  3:44  Queen  
  46  3:49  Drone  
  46  3:50  Drone  
  46  3:51  Drone  
  46  3:52  Drone  
  46  3:53  Drone  
  51  3:58  Drone  
  51  3:59  Queen  
  53  4:04  Zergling x4  
  53  4:08  Spore Crawler  
  53  4:09  Drone  
  55  4:12  Spore Crawler  
  55  4:16  Overlord  
  54  4:18  Drone x2  
  54  4:22  Drone  
  54  4:23  Drone  
  58  4:28  Overlord  
  58  4:29  Roach Warren  
  58  4:31  Drone  
  58  4:34  Lair  
  58  4:36  Drone  
  58  4:38  Drone x2  
  60  4:40  Drone  
  60  4:43  Drone x2  
  64  4:49  Drone  
  65  4:53  Extractor  
  65  4:56  Drone x2  
  65  4:57  Extractor  
  65  4:59  Zergling x4  
  63  5:00  Drone x2  
  63  5:01  Drone x3  
  63  5:04  Drone  
  69  5:10  Drone x2  
  69  5:13  Drone x3  
  74  5:21  Overlord x2, Evolution Chamber  
  74  5:22  Extractor  
  70  5:37  Drone x3  
  70  5:39  Drone x2  
  70  5:42  Glial Reconstitution  
  72  5:45  Drone x5  
  72  5:47  Overseer  
  75  5:51  Zerg Missile Weapons Level 1  
  75  5:54  Overlord  
  75  5:58  Drone  
  75  5:59  Overlord  
  76  6:05  Drone x3  
  76  6:07  Drone  
  76  6:09  Extractor x2  
  76  6:10  Drone x3  
  81  6:17  Roach x2  
  84  6:19  Hatchery  
  84  6:20  Overlord  
  84  6:21  Roach  
  84  6:22  Roach x2  
  89  6:26  Roach x2  
  93  6:35  Baneling Nest  
  93  6:37  Drone x3  
  95  6:45  Roach x3  
  101  6:47  Ravager  
  101  6:48  Ravager x2  
  101  6:49  Overlord, Roach  
  101  6:50  Roach x3  
  111  6:59  Drone  
  111  7:00  Infestation Pit  
  111  7:04  Drone  
  111  7:05  Evolution Chamber  
  111  7:12  Drone x3  
  111  7:13  Drone x5  
  119  7:18  Centrifical Hooks  
  119  7:19  Overlord  
  119  7:20  Overlord  
  119  7:22  Roach  
  121  7:23  Overlord  
  121  7:25  Overlord  
  121  7:31  Zerg Melee Weapons Level 1  
  121  7:33  Queen  
  121  7:36  Spore Crawler, Drone  
  121  7:37  Drone x2  
  125  7:38  Drone  
  125  7:39  Hive  
  125  7:40  Drone  
  125  7:43  Spire  
  125  7:50  Drone x3  
  126  7:53  Zergling x4  
  126  7:54  Zergling x18  
  126  7:55  Zerg Ground Armor Level 1  
  135  8:00  Zergling x2  
  136  8:07  Drone  
  136  8:08  Drone x3  
  136  8:09  Hatchery, Drone, Overlord  
  140  8:16  Zergling x14  
  147  8:20  Baneling x21  
  147  8:23  Ravager  
  148  8:28  Roach x2  
  148  8:29  Zergling x6, Roach  
  154  8:45  Zergling x20  
  160  8:50  Extractor, Hatchery  
  160  8:51  Drone x3  
  160  8:52  Adrenal Glands, Drone  
  160  8:55  Greater Spire  
  158  9:06  Zergling x2  
  158  9:07  Zergling x2  
  158  9:08  Overlord x8  
  160  9:24  Overlord  
  160  9:25  Overlord  
  160  9:31  Viper x2  
  156  9:33  Zergling x16, Spore Crawler  
  156  9:34  Zergling x10  
  156  9:35  Ravager x2  
  174  9:39  Drone x2  
  174  9:44  Zerg Melee Weapons Level 2  
  176  9:46  Zergling x12, Roach  
  176  9:49  Baneling x12  
  176  9:50  Baneling x5  
  182  10:01  Zerg Ground Armor Level 2  
  182  10:03  Zergling x16  
  182  10:04  Zergling x6  
  182  10:05  Baneling  
  182  10:06  Baneling x4  
  192  10:10  Zerg Flyer Weapons Level 1  
  191  10:18  Zergling x18  
  200  10:25  Queen, Spine Crawler  
  200  10:26  Spine Crawler  
  200  10:32  Baneling x23  
  198  10:39  Baneling x5  
  198  10:46  Baneling x5  
  198  10:47  Zergling x4  
  200  10:50  Extractor  
  200  10:51  Drone  
  166  11:05  Zergling x22  
  166  11:06  Zergling x12  
  162  11:14  Zergling x36  
  162  11:18  Zergling x4  
  172  11:28  Baneling x6  
  172  11:29  Baneling x20  
  172  11:31  Zergling x2  
  172  11:32  Zergling x18  
  182  11:34  Baneling  
  182  11:35  Baneling x8  
  182  11:40  Baneling x9  
  182  11:47  Zergling x18  
  186  11:50  Drone  
  192  11:59  Baneling x9  
  192  12:00  Baneling x2  
  192  12:04  Drone  
  192  12:05  Drone x2  
  189  12:14  Zergling x28  
  190  12:18  Baneling x16  
  190  12:19  Baneling  
  186  12:24  Zergling x16  
  189  12:32  Zergling x18  
  195  12:38  Zergling x8  
  195  12:41  Hatchery  
  196  12:48  Zerg Melee Weapons Level 3, Baneling  
  196  12:49  Baneling x4  
  196  12:50  Baneling x3  
  196  12:55  Baneling x9  
  196  12:57  Baneling x7  
  190  13:00  Zergling x8  
  190  13:05  Zergling x12  
  170  13:09  Zergling x12  
  153  13:15  Zergling x8  
  153  13:16  Zergling x6  
  153  13:19  Zergling x8  
  150  13:23  Baneling x5  
  150  13:25  Zergling x8  
  149  13:31  Zergling x16  
  151  13:40  Zergling x20  
  156  13:44  Baneling x8  
  156  13:45  Baneling  
  156  14:00  Spore Crawler  
  155  14:03  Roach x6  
  155  14:04  Overseer, Roach  
  155  14:07  Zergling x10  
  155  14:08  Zergling x12  
  177  14:20  Baneling x15  
  177  14:23  Zergling x24  
  185  14:33  Zergling x18  
  185  14:36  Baneling x12  
  194  14:39  Overlord  
  194  14:41  Overseer  
  194  14:45  Zergling x16  
  195  14:46  Zergling x2  
  192  14:55  Zergling x18  
  198  15:01  Baneling x2  
  198  15:02  Baneling x2  
  190  15:15  Baneling x14  
  190  15:17  Corruptor x6  
  198  15:23  Baneling x10  
  196  15:54  Brood Lord x2  
  200  16:02  Hatchery  
  188  16:11  Brood Lord x4  
  188  16:12  Zergling x10  
  199  16:19  Spine Crawler  
  199  16:21  Spine Crawler  
  199  16:22  Zergling x2  
  199  16:23  Zergling x22  
  199  16:24  Overseer  
  194  16:28  Corruptor x2  
  194  16:29  Corruptor  
  194  16:30  Corruptor  
  197  16:34  Overseer, Drone x3  
  197  16:39  Drone  
  198  16:44  Zergling x6  
  197  16:48  Baneling x7  
  197  16:55  Baneling x6  
  197  16:58  Zergling x34  
  197  17:00  Zergling x2  
  197  17:01  Zergling x18  
  197  17:02  Zergling x4  
  197  17:07  Zergling x10  
  178  17:11  Zergling x8  
Tags
 
Add a new tag
Caveats
  • Supply blocks, unpowered buildings, or Contaminate may cause inaccurate times.
  • Supply counts are checked every 10 seconds.